 Dungeon Crawl Stone Soup version 0.27-a0-323-gbd089401bb (webtiles) character file.

Game seed: 15700622005584611765

32 skwiii the Stinger (level 3, -1/19 HPs)
             Began as a Tengu Venom Mage on Feb 10, 2021.
             Slain by an adder (4 damage)
             ... on level 2 of the Dungeon.
             The game lasted 00:08:54 (1453 turns).

skwiii the Stinger (Tengu Venom Mage)               Turns: 1453, Time: 00:08:55

Health: -1/19      AC:  2    Str:  8    XL:     3   Next: 27%
Magic:  4/8        EV: 13    Int: 16    God:
Gold:   33         SH:  0    Dex: 14    Spells: 4/7 levels left

rFire    . . .     SeeInvis .   (no weapon)
rCold    . . .     Faith    .   (no shield)
rNeg     . . .     Spirit   .   a - +0 robe
rPois    .         Reflect  .   (helmet restricted)
rElec    .         Harm     .   (no cloak)
rCorr    .         Rampage  .   (no gloves)
Will     .....                  (boots unavailable)
Stlth    ++........             (no amulet)
HPRegen  0.06/turn              (no ring)
MPRegen  0.11/turn              (no ring)

@: lethally poisoned (-1 -> -4), very slightly contaminated
A: beak, talons 3
a: no special abilities


You were on level 2 of the Dungeon.
You visited 1 branch of the dungeon, and saw 2 of its levels.

You collected 33 gold pieces.

Inventory:

Hand Weapons
 c - a +0 dagger
 f - a +2 dagger of flaming
Armour
 a - a +0 robe (worn)
 g - a +0 plate armour
Scrolls
 d - a scroll of identify
 e - a scroll of noise
Potions
 b - a potion of brilliance {unknown}


   Skills:
 + Level 0.2 Fighting
 + Level 2.5 Dodging
 - Level 2.0 Stealth
 * Level 2.7 Spellcasting
 + Level 1.0 Transmutations
 + Level 3.3 Poison Magic


You had 4 spell levels left.
You knew the following spells:

 Your Spells              Type           Power        Failure   Level
a - Sting                 Tmut/Pois      36%          8%          1
b - Poisonous Vapours     Pois/Air       14%          14%         2

Your spell library contained the following spells:

 Spells                   Type           Power        Failure   Level
 Ignite Poison            Fire/Tmut/Pois 6%           32%         3
 Mephitic Cloud           Conj/Pois/Air  5%           36%         3
 Olgreb's Toxic Radiance  Pois           12%          43%         4


Dungeon Overview and Level Annotations

Branches:
Dungeon (2/15)

Altars:


Innate Abilities, Weirdness & Mutations

You have a beak for a mouth.
You have claws for feet.


Message History

Press: ? - help, Q - select action, (/) - cycle Shift-Dir - straight line, f/p - adder
Aim: an adder (severely wounded, very poisoned, 52% to evade)
The sting misses the adder.
The adder barely misses you.
Really attack while wielding nothing? [Y]es or [N]o only, please.
Really attack while wielding nothing? [Y]es or [N]o only, please.
Really attack while wielding nothing?
Okay, then.
The adder bites you. The adder bites you.
You are poisoned.
The adder poisons you!
You feel sick. The kobold hits you.
There is a stone staircase leading up here.
Unknown command.
The kobold hits you but does no damage.
You can't go down here!
You feel sick. The kobold hits you but does no damage.
You see here 11 gold pieces.
An ooze comes into view.
The adder closely misses you.
You feel sick. The adder closely misses you. x2
The adder looks more healthy.
Unknown command.
The kobold closely misses you.
You feel sick.
Casting: Sting (safe; 8% risk of failure)
Confirm with . or Enter, or press ? or * to list all spells.
Aiming: Poisonous Vapours (safe; 14% risk of failure)
Press: ? - help, Dir - move target, f/p - adder
Aim: an adder (almost dead)
You miscast Poisonous Vapours.
You are very lightly contaminated with residual magic.
Nothing appears to happen.
The adder bites you.
* * * LOW HITPOINT WARNING * * *
The adder bites you.
You die...

##### . ##...# ..
....# ... ...#
....######.#
.........JK#########
........#.hS@.......
....###.#.##.####.##
..# #$#.##.#### .
####..........
#....<....###
#.##.#.#### # #...#
#.#.# #.#.#


You could see an ooze, an adder, a jackal and a kobold.

Vanquished Creatures
  An ooze (D:1)
  A dart slug (D:1)
  3 giant cockroaches (D:1)
  3 goblins (D:1)
  4 hobgoblins (D:1)
  3 jackals (D:1)
  A ball python (D:1)
  2 bats (D:1)
  5 frilled lizards (D:1)
  A kobold (D:1)
  A rat (D:1)
25 creatures vanquished.

Notes
Turn   | Place    | Note
-------+----------+-------------------------------------------
     0 | D:1      | skwiii the Tengu Venom Mage began the quest for the Orb.
     0 | D:1      | Reached XP level 1. HP: 10/10 MP: 4/4
   354 | D:1      | Reached XP level 2. HP: 15/15 MP: 4/6
   517 | D:1      | Learned a level 2 spell: Poisonous Vapours
   882 | D:1      | Reached skill level 1 in Transmutations
   882 | D:1      | Reached XP level 3. HP: 19/19 MP: 3/7
  1453 | D:2      | Slain by an adder

Illustrated notes

Levels and vault maps discovered:
D:1:      dpeg_arrival_ternary, layout_loops_ring, minivault_5
D:2:      layout_loops_ring, nicolae_gozag_seed_capital

Skill      XL: |  1  2 |
---------------+-------+-----
Transmutations | 1 |  1.0
Fighting       | |  0.2
Dodging        | |  2.5
Stealth        | |  2.0
Spellcasting   | |  2.7
Poison Magic   | |  3.3

Action                   || total
-------------------------++-------
Melee: Unarmed           ||     3
       Kick              ||     2
 Cast: Sting             ||    37
       Poisonous Vapours ||     7
  Use: Scroll            ||     1
Armor: Robe              ||     9
Dodge: Dodged            ||    31

Table legend: (Time is in decaauts)
 A = Elapsed time spent in this place.
 B = Non-inter-level travel time spent in this place.
 C = Inter-level travel time spent in this place.
 D = Time resting spent in this place.
 E = Time spent auto-exploring this place.
 F = Levels seen in this place.
 G = Mean time per level.
                   A        B        C        D        E       F      G
               +--------+--------+--------+--------+--------+-----+--------+
         Total |   1452 |   1432 |     20 |    400 |    296 |   2 |  726.0 |
       Dungeon |   1452 |   1432 |     20 |    400 |    296 |   2 |  726.0 |
               +--------+--------+--------+--------+--------+-----+--------+

Top non-repeatable levels by time:
     D:1: 1428 daAuts
     D:2: 24 daAuts
